Map: Lerilak Crest

Players

SticklerMac

  • Race: Terran Terran
  • League: Bronze

RollingRock - Winner!

  • Race: Protoss Protoss
  • League: Bronze

VOD

Have the link to the VOD?

Description

Time

  • Played on: July 28, 2015, 2:25 p.m.
  • Length: 11:53
Show
View Real Time Build Order
Export as new Build Order

SticklerMac Terran 

Build Orders:  

Get SALT Encoding   

  12  0:11  Supply Depot  
  12  0:14  SCV  
  13  0:26  SCV  
  14  0:37  Barracks  
  14  0:40  SCV  
  15  1:10  Barracks  
  15  1:11  Barracks  
  15  1:12  SCV  
  16  1:29  Marine  
  16  1:31  SCV  
  18  1:39  Barracks  
  18  1:50  SCV, Marine  
  20  1:58  Marine  
  20  1:59  Marine  
  22  2:14  Marine  
  23  2:17  Supply Depot  
  23  2:42  Marine  
  23  2:43  Marine x3  
  27  2:49  Barracks  
  27  3:00  Marine x2  
  27  3:01  Marine x2  
  31  3:07  Supply Depot  
  31  3:23  Bunker  
  31  3:29  Marine x2  
  31  3:34  Marine x2  
  35  3:42  Supply Depot  
  35  3:45  Marine  
  36  3:49  Marine  
  37  3:59  Bunker  
  37  4:08  Marine  
  37  4:09  Marine x2  
  40  4:12  Marine  
  41  4:22  Supply Depot  
  41  4:24  Marine  
  41  4:29  SCV  
  43  4:37  Bunker  
  43  4:43  Marine  
  43  4:44  Marine  
  45  4:47  Marine  
  46  4:55  Supply Depot  
  46  4:59  SCV  
  47  5:11  SCV  
  46  5:19  Bunker  
  46  5:21  Marine x2  
  46  5:22  Marine  
  46  5:23  Marine  
  48  5:42  Marine x2  
  48  5:43  Marine x3  
  53  6:00  Marine x3  
  53  6:01  Marine x2  
  58  6:05  Bunker  
  58  6:26  Marine x3  
  58  6:27  Marine x2  
  63  7:03  Marine  
  63  7:04  Marine  
  63  7:06  Marine x3  
  43  8:05  Command Center  
  43  9:20  SCV  
  44  9:38  SCV  
  45  9:49  Marine  
  45  9:50  SCV  
  47  9:54  Marine x2  
  47  9:55  Marine  
  50  10:09  SCV  
  51  10:16  Marine x2  
  51  10:52  Marine x4  
  51  10:53  Marine  
  26  11:31  Marine x3  
  26  11:32  Marine  
Show
View Real Time Build Order
Export as new Build Order

RollingRock Protoss - Winner!

Build Orders:  

Get SALT Encoding   

  12  0:01  Probe  
  13  0:14  Pylon  
  13  0:18  Probe  
  14  0:32  Probe (Chrono Boost)  
  15  0:38  Gateway  
  15  0:44  Probe (Chrono Boost)  
  16  0:52  Probe (Chrono Boost), Assimilator  
  17  1:01  Probe  
  18  1:10  Pylon  
  18  1:15  Probe  
  19  1:32  Pylon  
  19  1:36  Cybernetics Core  
  19  1:37  Zealot  
  19  1:39  Probe (Chrono Boost)  
  22  1:43  Assimilator  
  22  1:51  Probe (Chrono Boost)  
  22  2:00  Probe  
  23  2:12  Warp Gate (Chrono Boost)  
  23  2:13  Gateway  
  23  2:14  Stalker (Chrono Boost)  
  25  2:15  Probe  
  26  2:32  Probe  
  26  2:34  Pylon  
  27  2:44  Stalker (Chrono Boost)  
  29  2:52  Mothership Core (Chrono Boost)  
  31  3:02  Gateway  
  33  3:07  Stalker (Chrono Boost)  
  33  3:15  Pylon  
  33  3:25  Sentry (Chrono Boost)  
  35  3:32  Probe  
  36  3:40  Stalker (Chrono Boost)  
  38  3:53  Pylon  
  38  4:07  Robotics Facility  
  38  4:15  Probe  
  39  4:17  Pylon  
  39  4:23  Gateway  
  39  4:27  Probe (Chrono Boost)  
  40  4:32  Stalker x2  
  40  4:33  Stalker  
  46  4:51  Pylon  
  46  4:55  Immortal (Chrono Boost)  
  50  5:06  Gateway  
  50  5:19  Sentry x2  
  50  5:20  Stalker  
  56  5:36  Warp Prism  
  58  5:55  Pylon  
  58  5:56  Probe  
  59  5:58  Zealot x4  
  67  6:22  Pylon  
  67  6:27  Gateway  
  67  6:28  Immortal  
  67  6:31  Pylon  
  71  6:57  Zealot x2  
  71  6:58  Zealot x3  
  81  7:11  Immortal  
  77  7:43  Stalker x4  
  85  8:20  Immortal (Chrono Boost)  
  85  8:25  Pylon  
  89  8:37  Zealot x2  
  93  9:12  Nexus  
  93  9:13  Probe  
  94  9:20  Pylon  
  94  9:25  Observer (Chrono Boost)  
  95  9:42  Probe  
  96  9:48  Pylon  
  96  9:55  Sentry x3  
  96  9:56  Sentry  
  104  10:40  Probe  
  104  10:41  Probe  
  106  10:44  Immortal  
  110  10:50  Stalker x2  
  98  11:24  Zealot x6  
  104  11:30  Probe x2  
  96  11:51  Stalker  
  96  11:52  Stalker x2  
Tags
 
Add a new tag
Caveats
  • Supply blocks, unpowered buildings, or Contaminate may cause inaccurate times.
  • Supply counts are checked every 10 seconds.